 Dungeon Crawl Stone Soup version 0.26-a0-778-g3fe0686644 (webtiles) character file.

Game seed: 5111381703792601842

4482 robertstho the Whirler (level 10, -5/105 (108) HPs)
             Began as a Halfling Hunter on Nov 10, 2020.
             Was a Believer of Okawaru.
             Slain by Harold
             ... wielding a +0 glaive
              (16 damage)
             ... on level 8 of the Dungeon.
             The game lasted 00:12:47 (9732 turns).

robertstho the Whirler (Halfling Hunter)            Turns: 9732, Time: 00:12:47

HP:   -5/105 (108)  AC: 11    Str: 15    XL:     10   Next: 64%
MP:   12/12         EV: 10    Int:  9    God:    Okawaru [**....]
Gold: 484           SH:  0    Dex: 23    Spells: 9/9 levels left

rFire    . . .     SeeInvis .   u - +1 dagger (venom)
rCold    + . .     Faith    .   (shield restricted)
rNeg     + . .     Spirit   .   D - +0 chain mail {rC+}
rPois    .         Reflect  .   m - +1 helmet
rElec    .         Harm     .   (no cloak)
rCorr    .         Rampage  .   (no gloves)
MR       .....                  (no boots)
Stlth    ..........             (no amulet)
HPRegen  0.27/turn              k - +6 ring of dexterity
MPRegen  0.13/turn              y - ring of positive energy

@: berserking (expiring), very quick
A: small, mutation resistance 1
a: Heroism, Renounce Religion


You were on level 8 of the Dungeon.
You worshipped Okawaru.
Okawaru was pleased with you.
You visited 2 branches of the dungeon, and saw 9 of its levels.
You also visited: Sewer.

You collected 484 gold pieces.

Inventory:

Hand Weapons
 a - a +1 hunting sling
 u - a +1 dagger of venom (weapon)
 w - a +2 scimitar of flaming
Missiles
 n - 222 stones (quivered)
 B - 3 sling bullets
Armour
 m - a +1 helmet (worn)
 s - a +1 scale mail of positive energy
 D - a +0 chain mail of cold resistance (worn)
Jewellery
 k - a +6 ring of dexterity (left hand)
 y - a ring of positive energy (right hand)
Wands
 b - a wand of flame (10)
Scrolls
 e - 4 scrolls of identify
 g - 7 scrolls of remove curse
 i - a scroll of vulnerability {unknown}
 l - 2 scrolls of immolation
 q - 2 scrolls of magic mapping
 r - a scroll of amnesia {unknown}
 t - a scroll of enchant weapon {unknown}
 x - a scroll of fog {unknown}
 z - a scroll of random uselessness {unknown}
 A - 2 scrolls of blinking
 C - 3 scrolls of teleportation
 E - a scroll of enchant armour
Potions
 c - 3 potions of flight {unknown}
 d - 5 potions of might {unknown}
 f - a potion of resistance {unknown}
 j - a potion of lignification
 o - 3 potions of mutation {unknown}
 p - 2 potions of heal wounds
 v - 11 potions of curing


   Skills:
 * Level 7.8 Fighting
 + Level 0.2 Short Blades
 * Level 15.0 Slings
 + Level 4.0 Armour
 + Level 2.8 Dodging
 + Level 2.0 Stealth
 * Level 3.4 Invocations
 + Level 2.6 Evocations


You had 9 spell levels left.
You didn't know any spells.
Your spell library was empty.

Dungeon Overview and Level Annotations

Branches:
Dungeon (8/15)             Temple (1/1) D:6           Sewer (visited)
   Lair: D:8-11

Altars:
Ashenzari
Cheibriados
Dithmenos
Elyvilon
Fedhas
Gozag
Hepliaklqana
Kikubaaqudgha
Makhleb
Nemelex Xobeh
Okawaru
Qazlal
Ru
Sif Muna
Trog
Uskayaw
Vehumet
Wu Jian
Zin
The Shining One

Annotations:
D:8 Harold


Innate Abilities, Weirdness & Mutations

You are small and have problems with some larger weapons.
You are somewhat resistant to further mutation.


Message History

Harold is moderately wounded.
You barely miss Harold.
Harold is moderately wounded.
Harold hits you with a +0 glaive!!
* * * LOW HITPOINT WARNING * * *
You puncture Harold!
Harold is moderately wounded.
You puncture Harold!
Harold is poisoned.
Harold is heavily wounded.
Harold closely misses you.
You hit Harold.
Harold looks as sick as possible!
Harold is heavily wounded.
You puncture Harold!
Harold is severely wounded.
Harold hits you with a +0 glaive!
* * * LOW HITPOINT WARNING * * *
You puncture Harold!
Harold looks as sick as possible!
Harold is severely wounded.
Harold hits you from afar with a +0 glaive!
You die...

..###'#.#(#
#......#.#
#......#.#
#......#'#######
##...............
.......#....#####
......#.@...#
......#....##
......#.@(.#
...........#
###.....####
#####.#
###########)#
#........##.#######
#......<.#.........
#..................
#.........####.####


You could see Harold (extremely poisoned).

Vanquished Creatures
  Erica (D:7)
  Joseph (D:8)
  An ice beast (D:6)
  2 black bears
  2 orc warriors (D:8)
  A necrophage (D:7)
  A sky beast (D:6)
  4 ogres
  A phantom (D:6)
  3 centaurs
  3 big kobolds (Sewer)
  A bullfrog (D:7)
  5 killer bees (D:7)
  3 wights (D:8)
  6 howler monkeys
  2 jellies (D:7)
  2 quasits
  A bullfrog zombie (D:7)
  4 hounds
  10 orc wizards
  A bullfrog skeleton (D:6)
  4 orc priests
  7 worker ants
  3 iguanas
  A killer bee zombie (D:6)
  A hound skeleton (D:5)
  9 gnolls
  6 adders
  A howler monkey skeleton (D:6)
  4 river rats (Sewer)
  A shadow imp (D:6)
  2 white imps
  An ufetubus (D:7)
  5 oozes
  2 adder skeletons
  2 worms
  2 dart slugs
  4 leopard geckos
  20 orcs
  9 bats
  6 giant cockroaches
  13 goblins
  2 hobgoblins (D:2)
  3 jackals (D:1)
  4 quokkas
  10 ball pythons
  8 frilled lizards
  25 kobolds
  A leopard gecko skeleton (D:7)
  2 quokka skeletons
  A quokka zombie (D:6)
  28 rats
242 creatures vanquished.

Vanquished Creatures (others)
  An iguana (D:6)
1 creature vanquished.

Grand Total: 243 creatures vanquished

Notes
Turn   | Place    | Note
-------+----------+-------------------------------------------
     0 | D:1      | robertstho the Halfling Hunter began the quest for the Orb.
     0 | D:1      | Reached XP level 1. HP: 14/14 MP: 1/1
    75 | D:1      | Reached skill level 6 in Slings
   104 | D:1      | Reached XP level 2. HP: 19/19 MP: 2/2
   289 | D:1      | Reached skill level 7 in Slings
   289 | D:1      | Reached XP level 3. HP: 24/24 MP: 3/3
  1141 | D:2      | Reached XP level 4. HP: 29/29 MP: 4/4
  1415 | D:2      | Reached skill level 8 in Slings
  1589 | D:2      | Reached XP level 5. HP: 35/35 MP: 5/5
  1704 | D:2      | Found a faded altar of an unknown god.
  2570 | D:4      | Noticed a centaur
  2584 | D:4      | Killed a centaur
  2584 | D:4      | Reached skill level 9 in Slings
  2584 | D:4      | Reached XP level 6. HP: 27/42 MP: 6/6
  3010 | D:4      | Noticed an ogre
  3018 | D:4      | Killed an ogre
  3018 | D:4      | Reached XP level 7. HP: 46/46 MP: 7/7
  3094 | D:4      | Reached skill level 10 in Slings
  4049 | D:5      | Entered Level 5 of the Dungeon
  4049 | D:5      | Found a burning altar of Makhleb.
  4405 | D:5      | Found a snail-covered altar of Cheibriados.
  4405 | D:5      | Found a stormy altar of Qazlal.
  4414 | D:5      | Reached skill level 1 in Armour
  4414 | D:5      | Reached XP level 8. HP: 54/54 MP: 8/8
  4554 | D:5      | Found a white marble altar of Elyvilon.
  4569 | D:5      | Reached skill level 11 in Slings
  5014 | D:6      | Reached skill level 5 in Fighting
  5302 | D:6      | Found a glowing drain.
  5329 | Sewer    | Entered a sewer
  5390 | Sewer    | Reached skill level 12 in Slings
  5895 | Sewer    | Reached XP level 9. HP: 53/62 MP: 9/9
  6305 | D:6      | Reached skill level 13 in Slings
  6421 | D:6      | Found a glowing silver altar of Zin.
  6469 | D:6      | Found a staircase to the Ecumenical Temple.
  7299 | Temple   | Entered the Ecumenical Temple
  7340 | Temple   | Became a worshipper of Warmaster Okawaru
  7589 | D:7      | Found a glowing golden altar of the Shining One.
  7879 | D:7      | Reached skill level 14 in Slings
  7893 | D:7      | Found a shadowy altar of Dithmenos.
  8279 | D:8      | Noticed Erica
  8317 | D:8      | Noticed Joseph
  8493 | D:7      | Killed Erica
  8493 | D:7      | Reached * piety under Okawaru
  8493 | D:7      | Reached XP level 10. HP: 27/71 MP: 10/12
  8811 | D:7      | Reached skill level 1 in Evocations
  8977 | D:7      | Reached ** piety under Okawaru
  9163 | D:8      | Killed Joseph
  9163 | D:8      | Reached skill level 15 in Slings
  9462 | D:8      | Found a bloodstained altar of Trog.
  9704 | D:8      | Noticed Harold
  9732 | D:8      | Slain by Harold

Illustrated notes

Levels and vault maps discovered:
D:1:      giann_horns, layout_loops_corners, minmay_misc_feat_chi
D:2:      layout_basic, chequers_ecumenical_altar_grove, nrook_campfire
D:3:      layout_loops_ring, minivault_5, minmay_misc_feat_iff
D:4:      layout_layer_cave
D:5:      layout_loops_ring, amethyst_overflow_temple_binary, basic_altar,
          elyvilon_altar_3
D:6:      layout_basic, zin_treasury, minmay_temple_entry_enclosed_plants,
          portal_sewer_entry_a, minmay_joined_circles
D:7:      layout_basic, tso_oasis_becter, nicolae_overflow_crystal_walls,
          item_on_display_a
D:8:      layout_basic, old_standard_altar, kennysheep_minor_cross,
          lemuel_tele_altar, uniq_joseph, uniq_harold, uniq_erica
Temple:   compressed_dpeg_circular_temple

Skill      XL: |  1  2  3  4  5  6  7  8  9 10 |
---------------+-------------------------------+-----
Slings         | 6 7 8 9 10 12 14 15 | 15.0
Fighting       | 2 3 4 5 7 |  7.8
Armour         | 1 3 4 |  4.0
Invocations    | 2 3 |  3.4
Evocations     | 2 |  2.6
Stealth        | 2 |  2.0
Short Blades   | |  0.2
Dodging        | |  2.8

Action                   |  1- 3 |  4- 6 |  7- 9 | 10-12 || total
-------------------------+-------+-------+-------+-------++-------
Melee: Dagger            |       |       |     6 |     7 ||    13
 Fire: Hunting sling     |    87 |   154 |   621 |   130 ||   992
Evoke: Wand              |       |       |    10 |     4 ||    14
  Use: Scroll            |       |       |    11 |       ||    11
       Potion            |       |       |     3 |     1 ||     4
Armor: Leather armour    |     3 |       |       |       ||     3
       Ring mail         |     5 |       |       |       ||     5
       Scale mail        |       |    14 |    53 |    21 ||    88
       Chain mail        |       |       |       |     2 ||     2
Dodge: Dodged            |    10 |    34 |   149 |    47 ||   240

Table legend: (Time is in decaauts)
 A = Elapsed time spent in this place.
 B = Non-inter-level travel time spent in this place.
 C = Inter-level travel time spent in this place.
 D = Time resting spent in this place.
 E = Time spent auto-exploring this place.
 F = Levels seen in this place.
 G = Mean time per level.
                   A        B        C        D        E       F      G
               +--------+--------+--------+--------+--------+-----+--------+
         Total |   9440 |   9070 |    370 |    162 |   7550 |  10 |  944.0 |
       Dungeon |   8614 |   8284 |    330 |    162 |   6944 |   8 | 1076.8 |
        Temple |     80 |     41 |     39 |      0 |     35 |   1 |   80.0 |
         Sewer |    745 |    745 |      0 |      0 |    571 |   1 |  745.0 |
               +--------+--------+--------+--------+--------+-----+--------+

Top non-repeatable levels by time:
     D:7: 1688 daAuts
     D:6: 1473 daAuts
     D:4: 1441 daAuts
     D:1: 933 daAuts
     D:5: 917 daAuts
     D:2: 843 daAuts
     D:3: 760 daAuts
   Sewer: 745 daAuts
     D:8: 557 daAuts
  Temple: 80 daAuts
